 Dungeon Crawl Stone Soup version 0.29.0-4-gdea44cf6ec (webtiles) character file.

Game seed: 13115052868738107494

234 qw the Chopper (level 6, 0/35 HPs)
             Began as a Tengu Warper on Aug 28, 2022.
             Slain by a gnoll
             ... wielding a +0 whip
              (4 damage)
             ... on level 4 of the Dungeon.
             The game lasted 00:00:15 (2833 turns).

qw the Chopper (Tengu Warper)                       Turns: 2833, Time: 00:00:15

Health: 0/35       AC:  8    Str: 13    XL:     6   Next: 5%
Magic:  10/10      EV:  6    Int: 14    God:
Gold:   163        SH:  4    Dex: 13    Spells: 9/9 levels left

rFire   . . .      SeeInvis .   Y - +0 hand axe
rCold   . . .      Faith    .   f - +0 buckler
rNeg    . . .      Spirit   .   h - +0 chain mail
rPois   .          Reflect  .   (helmet restricted)
rElec   .          Harm     .   (no cloak)
rCorr   .          Rampage  .   (no gloves)
Will    .....                   (boots unavailable)
Stlth   ..........              (no amulet)
HPRegen 0.11/turn               (no ring)
MPRegen 0.12/turn               (no ring)

@: flying quickly and evasively, quick
A: beak, talons 3, nimble flight
a: no special abilities


You were on level 4 of the Dungeon.
You visited 1 branch of the dungeon, and saw 4 of its levels.

You collected 163 gold pieces.


Innate Abilities, Weirdness & Mutations

You have a beak for a mouth.
You have claws for feet.
Your magical nature lets you fly swiftly and evasively.


   Skills:
 - Level 2.0 Fighting
 + Level 6.2 Axes
 - Level 1.0 Throwing
 - Level 2.2 Armour
 - Level 2.1 Dodging
 - Level 1.0 Shields
 - Level 2.0 Spellcasting
 - Level 2.4 Translocations


You had 9 spell levels left.
You didn't know any spells.
Your spell library contained the following spells:

 Spells                   Type           Power      Damage    Failure   Level
 Blink                    Tloc           16%        N/A       99%         2
 Gell's Gravitas          Tloc           8%         N/A       100%        3
 Lesser Beckoning         Tloc           8%         N/A       100%        3
 Teleport Other           Tloc           8%         N/A       100%        3
 Manifold Assault         Tloc           8%         N/A       100%        5

Inventory:

Hand Weapons
 g - a +0 mace
 Y - a +0 hand axe (weapon)
Missiles
 d - 2 javelins
 k - 2 boomerangs (quivered)
Armour
 f - a +0 buckler (worn)
 h - a +0 chain mail (worn)
Jewellery
 j - a ring of resist corrosion
Scrolls
 b - a scroll of identify
 i - a scroll of enchant weapon {unknown}
Potions
 a - a potion of might
 c - a potion of haste {unknown}
 e - a potion of mutation {unknown}

Dungeon Overview and Level Annotations

Branches:
Dungeon (4/15)
 Temple: D:4-7

Altars:


Message History

Enter note:
2823 ||| Stepping ~*~*~tactically~*~*~ (hiding).
The gnoll barely misses you.
You hit the gnoll.
The gnoll is lightly wounded.
A gnoll comes into view. It is wielding a +0 whip.
You hit the gnoll. Your kick misses the gnoll.
The gnoll is moderately wounded.
The gnoll closely misses you.
You hit the gnoll. Your kick misses the gnoll. You peck the gnoll.
The gnoll is almost dead.
You hit the gnoll. The gnoll hits you with a +0 flail.
The gnoll hits you but does no damage. x2
You barely miss the gnoll. Your kick misses the gnoll.
The gnoll is almost dead.
You barely miss the gnoll. The gnoll hits you but does no damage.
You hit the gnoll but do no damage.
The gnoll is almost dead.
You hit the gnoll but do no damage. The gnoll completely misses you. x2
You slash the gnoll!
You kill the gnoll!
You hit the gnoll but do no damage. You block the gnoll's attack.
The gnoll hits you from afar with a +0 halberd!
You hit the gnoll. Your kick misses the gnoll.
The gnoll is lightly wounded.
You closely miss the gnoll. The gnoll hits you with a +0 whip.
You block the gnoll's attack. The gnoll hits you with a +0 flail!
The gnoll hits you with a +0 flail. You block the gnoll's attack.
The gnoll hits you with a +0 whip.
You closely miss the gnoll. Your kick misses the gnoll.
The gnoll is lightly wounded.
You hit the gnoll. You closely miss the gnoll.
The gnoll is lightly wounded.
You closely miss the gnoll. The gnoll hits you with a +0 whip.
You die...

####################
#.g@................
##g#################
#.g ##. #. .. #. ##


You could see 3 gnolls.

Vanquished Creatures
  A phantom (D:4)
  A scorpion (D:3)
  A hound (D:4)
  A gnoll (D:4)
  2 adders
  A worm (D:3)
  2 dart slugs
  An orc (D:3)
  3 bats
  An endoplasm (D:2)
  5 giant cockroaches
  6 goblins
  4 hobgoblins
  2 quokkas
  3 ball pythons
  2 frilled lizards
  4 kobolds
  A rat (D:1)
41 creatures vanquished.

Vanquished Creatures (others)
  2 plants (D:1)
2 creatures vanquished.

Grand Total: 43 creatures vanquished

Notes
Turn   | Place    | Note
-------+----------+-------------------------------------------
     0 | D:1      | qw the Tengu Warper began the quest for the Orb.
     0 | D:1      | Reached XP level 1. HP: 12/12 MP: 4/4
     0 | D:1      | 0 ||| qw: Version: 0.1-a-89-g26bdef1
     0 | D:1      | 0 ||| qw: Game counter: 2419
     0 | D:1      | 0 ||| qw: Always use a shield: true
     0 | D:1      | 0 ||| qw: God list: Okawaru
     0 | D:1      | 0 ||| qw: Allow faded altars: false
     0 | D:1      | 0 ||| qw: Do Orc after D:15 true
     0 | D:1      | 0 ||| qw: Do second Lair branch before Depths: true
     0 | D:1      | 0 ||| qw: Lair rune preference: random
     0 | D:1      | 0 ||| qw: Plans: Normal
     0 | D:1      | 0 ||| PLANNING D:1-11
   221 | D:1      | Reached skill level 3 in Axes
   221 | D:1      | Reached XP level 2. HP: 17/17 MP: 6/6
   737 | D:1      | 737 ||| UPGRADING to +0 buckler.
   742 | D:1      | 742 ||| UPGRADING to +0 ring mail.
   752 | D:1      | 752 ||| DROPPING +0 leather armour.
   753 | D:1      | 753 ||| READING scroll labelled EPSAIS YCLEP.
   754 | D:1      | 754 ||| READING scroll labelled ZONUIX KIGU.
   755 | D:1      | 755 ||| READING scroll labelled CAEPLU OX QEMM.
   756 | D:1      | 756 ||| READING scroll labelled UMOJEY GUKKUOF.
   757 | D:1      | 757 ||| DROPPING scroll of blinking.
   871 | D:2      | Reached skill level 1 in Shields
  1002 | D:2      | Reached XP level 3. HP: 21/21 MP: 7/7
  1368 | D:2      | 1368 ||| UPGRADING to +0 chain mail.
  1378 | D:2      | 1378 ||| DROPPING +0 ring mail.
  1379 | D:2      | 1379 ||| READING scroll labelled FYBUISIEDE.
  1380 | D:2      | 1380 ||| READING 2 scrolls of identify.
  1380 | D:2      | 1380 ||| IDENTIFYING cyan potion
  1381 | D:2      | 1381 ||| DROPPING potion of degeneration.
  1389 | D:3      | Noticed a scorpion
  1396 | D:3      | Killed a scorpion
  1397 | D:3      | Reached skill level 4 in Axes
  1397 | D:3      | Reached XP level 4. HP: 12/26 MP: 8/8
  1397 | D:3      | 1397 ||| STAIRDANCE
  1793 | D:3      | 1793 ||| Stepping ~*~*~tactically~*~*~ (hiding).
  1794 | D:3      | 1794 ||| Stepping ~*~*~tactically~*~*~ (hiding).
  1806 | D:3      | Reached skill level 5 in Axes
  1891 | D:3      | Found a faded altar of an unknown god.
  2223 | D:3      | 2223 ||| DRINKING 3 yellow potions.
  2224 | D:3      | 2224 ||| DRINKING 2 fuming purple potions.
  2225 | D:3      | 2225 ||| READING 2 scrolls of identify.
  2225 | D:3      | 2225 ||| IDENTIFYING lumpy ruby potion
  2226 | D:3      | 2226 ||| DROPPING 2 potions of flight.
  2227 | D:3      | 2227 ||| DROPPING potion of attraction.
  2449 | D:4      | Noticed a phantom
  2450 | D:4      | 2450 ||| Stepping ~*~*~tactically~*~*~ (stealth).
  2455 | D:4      | Gained mutation: Your magical nature lets you fly swiftly
                  | and evasively. [Tengu growth]
  2455 | D:4      | Reached XP level 5. HP: 30/30 MP: 9/9
  2467 | D:4      | Killed a phantom
  2468 | D:4      | Reached skill level 6 in Axes
  2640 | D:4      | Reached XP level 6. HP: 23/35 MP: 10/10
  2823 | D:4      | 2823 ||| Stepping ~*~*~tactically~*~*~ (hiding).
  2831 | D:4      | HP: 5/35 [gnoll/+0 flail (6)]
  2833 | D:4      | Slain by a gnoll

Levels and vault maps discovered:
D:1:      minmay_arrival_semitransparent, layout_basic, serial_forest,
          infiniplex_forest_straight_3, infiniplex_forest_corner_2,
          infiniplex_forest_clump_diagonal, infiniplex_forest_clump_small,
          infiniplex_forest_corner_1, infiniplex_forest_lined_2,
          infiniplex_forest_clump_cross, infiniplex_forest_clump_large,
          infiniplex_forest_clump_double, infiniplex_forest_end_3
D:2:      layout_basic
D:3:      layout_basic, shapermc_ecumenical_altar_mp_vishouse
D:4:      layout_basic, minivault_23, chequers_serial_rivers_large_a

Skill      XL: |  1  2  3  4  5 |
---------------+----------------+-----
Axes           | 3 4 5 6 |  6.2
Shields        | 1 |  1.0
Armour         | 2 |  2.2
Fighting       | |  2.0
Throwing       | |  1.0
Dodging        | |  2.1
Spellcasting   | |  2.0
Translocations | |  2.4

Action                   |  1- 3 |  4- 6 || total
-------------------------+-------+-------++-------
Melee: Hand axe          |    45 |    63 ||   108
       Kick              |    14 |    12 ||    26
       Peck              |     6 |     4 ||    10
Throw: Boomerang         |     7 |     2 ||     9
       Javelin           |     7 |    16 ||    23
  Use: Scroll            |     6 |     1 ||     7
       Potion            |       |     2 ||     2
Armor: Leather armour    |     3 |       ||     3
       Ring mail         |     9 |       ||     9
       Chain mail        |     4 |    30 ||    34
Dodge: Dodged            |    13 |    14 ||    27
Block: Buckler           |     5 |    16 ||    21

Table legend:
 A = Non-vault XP
 B = Vault XP
 C = Vault XP percentage of total XP
 D = Non-vault monster count
 E = Vault monster count
 F = Vault count percentage of total count
                 A         B        C        D         E       F
            +---------+---------+-------+---------+---------+-------
      Total |     335 |       0 |   0.0 |      41 |       0 |   0.0
            +---------+---------+-------+---------+---------+-------
        D:1 |      14 |       0 |   0.0 |       9 |       0 |   0.0
        D:2 |      36 |       0 |   0.0 |      13 |       0 |   0.0
        D:3 |      98 |       0 |   0.0 |       8 |       0 |   0.0
        D:4 |     187 |       0 |   0.0 |      11 |       0 |   0.0
            +---------+---------+-------+---------+---------+-------
